 Dungeon Crawl Stone Soup version 0.30-b1-5-g8e6c1be481 (webtiles) character file.

Game seed: 7736390086413984983

13458 Silvore the Carver (level 11, 0/101 HPs)
             Began as a Minotaur Fighter on May 3, 2023.
             Was a High Priest of Okawaru.
             Killed from afar by a swamp worm (20 damage)
             ... with a harpoon shot
             ... on level 1 of the Lair of Beasts.
             The game lasted 00:18:41 (11756 turns).

Silvore the Carver (Minotaur Fighter)              Turns: 11756, Time: 00:18:41

Health: 0/101      AC: 33    Str: 23    XL:     11   Next: 75%
Magic:  20/20      EV: 23    Int:  5    God:    Okawaru [*****.]
Gold:   330        SH:  6    Dex: 12    Spells: 10/10 levels left

rFire   + . .        a - +2 long sword (heavy)
rCold   x . .        c - +0 buckler
rNeg    . . .        C - +14 plate armour "Deof Duwn" {Fly rElec Will+}
rPois   .            (helmet restricted)
rElec   +            y - +0 cloak
rCorr   .            (no gloves)
SInv    .            m - +0 pair of boots
Will    +....        f - amulet of the acrobat Stlth
                     e - ring of fire
HPRegen 0.36/turn    k - ring of magical power
MPRegen 0.17/turn

%: acrobat
@: acrobatic, flying
A: horns 2, retaliatory headbutt
a: Renounce Religion, Heroism, Finesse, Duel


You were on level 1 of the Lair of Beasts.
You worshipped Okawaru.
Okawaru was extremely pleased with you.
You visited 2 branches of the dungeon, and saw 11 of its levels.

You collected 505 gold pieces.
You spent 175 gold pieces at shops.

Inventory:

Hand Weapons
 a - a +2 heavy long sword (weapon)
Missiles
 l - a boomerang (quivered)
Armour
 b - a +0 scale mail
 c - a +0 buckler (worn)
 j - a +0 chain mail
 m - a +0 pair of boots (worn)
 s - a scarf of resistance
 v - a +0 plate armour
 y - a +0 cloak (worn)
 C - the +14 plate armour "Deof Duwn" (worn) {Fly rElec Will+}
   (You found it on level 10 of the Dungeon)

   rElec:     It insulates you from electricity.
   Fly:       It grants you flight.
   Will:      It increases your willpower.
 F - a +0 troll leather armour
Jewellery
 e - a ring of fire (left hand)
 f - an amulet of the acrobat (around neck)
 k - a ring of magical power (right hand)
 A - an amulet of guardian spirit
Wands
 i - a wand of roots (21)
 D - a wand of quicksilver (6)
Scrolls
 d - 5 scrolls of identify
 g - 3 scrolls of enchant weapon
 w - 4 scrolls of teleportation
 x - 2 scrolls of fear
 E - a scroll of amnesia
Potions
 h - a potion of ambrosia
 n - 4 potions of mutation
 o - a potion of brilliance
 p - 4 potions of curing
 q - 4 potions of degeneration
 r - 4 potions of haste
 t - 2 potions of resistance
 u - 4 potions of attraction
 z - 3 potions of lignification
 B - 2 potions of flight


   Skills:
 + Level 10.5 Fighting
 + Level 13.7 Long Blades
 + Level 12.9 Armour
 + Level 3.9 Dodging
 + Level 1.2 Stealth
 + Level 7.7 Shields
 + Level 2.5 Invocations


You had 10 spell levels left.
You didn't know any spells.
Your spell library contained the following spells:

 Spells                   Type           Power      Damage    Failure   Level
 Sandblast                Erth           0%         2d4       99%         1
 Cigotuvi's Dreadful Rot  Necr/Pois/Air  0%         N/A       100%        2
 Passwall                 Tmut/Erth      0%         N/A       100%        2
 Ignite Poison            Fire/Tmut/Pois 0%         N/A       100%        3
 Stone Arrow              Conj/Erth      0%         3d7       100%        3
 Leda's Liquefaction      Hex/Erth       0%         N/A       100%        4
 Sticky Flame             Conj/Fire      0%         2d3       100%        4
 Freezing Cloud           Conj/Ice/Air   0%         6-21      100%        5
 Lee's Rapid Deconstruct  Erth           0%         3d4*      100%        5
 Statue Form              Tmut/Erth      0%         N/A       100%        6
 Ignition                 Fire           0%         3d3       100%        8


Dungeon Overview and Level Annotations

Branches:
Dungeon (10/15)            Temple (0/1) D:4            Lair (1/5) D:10
    Orc: D:9-12

Altars:
Fedhas
Okawaru

Shops:
D:10 ?

Annotations:
D:10 3 runed translucent doors, Urext's ghost, novice MiBe
Lair:1 1 transporter


Innate Abilities, Weirdness & Mutations

You have a pair of horns on your head.
You reflexively headbutt those who attack you in melee.


Message History

The briar patch is destroyed!
You become entangled in the net!
You are too confused!
You struggle against the net.
The swamp worm fires a harpoon shot at you.
The harpoon shot hits you but does no damage.
You struggle against the net.
The swamp worm fires a harpoon shot at you.
The harpoon shot hits you!
* * * LOW HITPOINT WARNING * * *
You are yanked forward by the harpoon shot.
The swamp worm fires a harpoon shot at you.
The harpoon shot hits you but does no damage.
The swamp worm fires a harpoon shot at you.
The harpoon shot misses you.
The harpoon shot hits the swamp worm!
The swamp worm bites you but does no damage.
You're too confused to move!
You feel less invigorated.
You feel less confused.
The swamp worm bites you but does no damage.
You barely miss the swamp worm. You headbutt the swamp worm!
The swamp worm is almost dead.
The swamp worm bites you but does no damage.
The swamp worm fires a harpoon shot at you.
The harpoon shot hits you.
* * * LOW HITPOINT WARNING * * *
You are yanked forward by the harpoon shot.
You collide with the briar patch!
The briar patch is lightly damaged.
You slash the swamp worm!
You kill the swamp worm!
Okawaru accepts your kill.
The swamp worm fires a harpoon shot at you.
The harpoon shot hits you but does no damage.
The swamp worm fires a harpoon shot at you.
The harpoon shot hits you but does no damage.
The swamp worm fires a harpoon shot at you.
The harpoon shot hits you but does no damage.
The swamp worm fires a harpoon shot at you.
The harpoon shot hits you!!
You die...

.......##P#####..#####......##
........### #.###P©P###.......)
####....######.#♣≈P^.≈##....P#P.
##...........##≈.^P≈w#....##
#P...........#w§.^P≈##....#
##...........###§^.≈w#.##.#####
#...####.#..#♣≈P^☼###.##......
#...# ####.##≈P^P≈w#.........
##...# #.#@≈P°P≈##.........
#....# #.####+####..#......
##...# ####.#[)=#.. #..#####
#...## #....#"©[#.####.# #.
##....# ###.##.#####...#P.## #.
#P...####...##...©....##..P# #.
#..........#.##...........## ##
####P#####.#########.###### #
### ### ###


You could see 3 swamp worms.

Vanquished Creatures
  6 death yaks (D:10)
  A gargoyle (D:9)
  6 cane toads (Lair:1)
  A komodo dragon (Lair:1)
  A troll (D:10)
  A hornet (D:8)
  2 wyverns (Lair:1)
  2 wraiths (D:10)
  A basilisk (Lair:1)
  18 yaks
  3 steam dragons
  Edmund (D:6)
  A swamp worm (Lair:1)
  2 water moccasins (Lair:1)
  2 sky beasts
  4 ice beasts
  3 black bears
  2 orc warriors
  3 wolves (Lair:1)
  3 centaurs
  A phantom (D:6)
  Blork the orc (D:5)
  A kobold brigand (D:6)
  3 bullfrogs
  A gnoll sergeant (D:9)
  5 scorpions
  3 wights (D:7)
  5 killer bees (D:9)
  A howler monkey (D:4)
  2 hounds
  3 orc priests
  A jelly (D:8)
  An iguana (D:6)
  Natasha (thrice) (D:4)
  6 orc wizards
  A hell rat (D:10)
  7 gnolls
  5 adders
  2 river rats (D:10)
  A shadow imp (D:7)
  2 white imps (D:6)
  2 ufetubi
  4 worms
  2 dart slugs
  30 orcs
  6 ball pythons
  5 endoplasms
  4 giant cockroaches
  6 goblins
  6 hobgoblins
  6 quokkas
  5 bats
  A frilled lizard (D:3)
  12 kobolds
  6 rats
213 creatures vanquished.

Vanquished Creatures (others)
  4 briar patches (Lair:1)
  2 fungi (Lair:1)
  4 plants (D:3)
10 creatures vanquished.

Grand Total: 223 creatures vanquished

Notes
Turn   | Place    | Note
-------+----------+-------------------------------------------
     0 | D:1      | Silvore the Minotaur Fighter began the quest for the Orb.
     0 | D:1      | Reached XP level 1. HP: 19/19 MP: 0/0
   310 | D:1      | Reached XP level 2. HP: 27/27 MP: 1/1
   909 | D:2      | Found an iron altar of Okawaru.
   996 | D:2      | Became a worshipper of Warmaster Okawaru
  1422 | D:2      | Reached XP level 3. HP: 33/33 MP: 2/2
  1979 | D:3      | Reached skill level 3 in Long Blades
  2073 | D:3      | Reached XP level 4. HP: 40/40 MP: 3/3
  2130 | D:3      | Found a blossoming altar of Fedhas.
  2250 | D:3      | Found a faded altar of an unknown god.
  2530 | D:4      | Reached skill level 4 in Long Blades
  2554 | D:4      | Reached skill level 5 in Armour
  2673 | D:4      | Found a staircase to the Ecumenical Temple.
  2689 | D:4      | Reached XP level 5. HP: 32/47 MP: 4/4
  2925 | D:4      | Noticed Natasha
  2931 | D:4      | Killed Natasha
  3005 | D:4      | Noticed Natasha
  3012 | D:4      | Killed Natasha
  3028 | D:4      | Reached skill level 5 in Long Blades
  3126 | D:4      | Reached XP level 6. HP: 53/55 MP: 5/5
  3277 | D:4      | Noticed Natasha
  3286 | D:4      | Killed Natasha
  3286 | D:4      | Reached * piety under Okawaru
  3539 | D:5      | Entered Level 5 of the Dungeon
  3543 | D:5      | Noticed an ice beast
  3580 | D:4      | Killed an ice beast
  3581 | D:4      | Reached skill level 5 in Fighting
  4020 | D:5      | Reached skill level 6 in Long Blades
  4355 | D:5      | Reached XP level 7. HP: 61/61 MP: 6/6
  4361 | D:5      | Reached skill level 1 in Dodging
  4431 | D:5      | Noticed Blork the orc
  4439 | D:5      | Killed Blork the orc
  4439 | D:5      | Reached ** piety under Okawaru
  5639 | D:6      | Noticed Edmund
  5667 | D:6      | Killed Edmund
  5668 | D:6      | Reached skill level 7 in Long Blades
  5768 | D:6      | Reached XP level 8. HP: 64/70 MP: 7/7
  6007 | D:6      | Reached skill level 8 in Long Blades
  6164 | D:7      | Reached skill level 5 in Shields
  6244 | D:7      | Reached *** piety under Okawaru
  6377 | D:7      | Reached skill level 9 in Long Blades
  6710 | D:7      | Identified the +3 ring mail of the Cockroach {Dex+5}
  6836 | D:7      | Reached XP level 9. HP: 71/78 MP: 8/8
  7030 | D:8      | Reached skill level 10 in Long Blades
  7164 | D:8      | Reached **** piety under Okawaru
  8004 | D:9      | Reached skill level 11 in Long Blades
  8011 | D:9      | Reached ***** piety under Okawaru
  8012 | D:9      | Reached skill level 10 in Armour
  8015 | D:9      | HP: 2/81 [yak (9)]
  8019 | D:9      | Reached XP level 10. HP: 30/88 MP: 9/9
  8940 | D:9      | Noticed a gargoyle
  8963 | D:9      | Killed a gargoyle
  9273 | D:10     | Entered Level 10 of the Dungeon
  9281 | D:10     | Identified the +14 plate armour "Deof Duwn" {Fly rElec
                  | Will+}
  9346 | D:10     | Found Fokem's Magic Scroll Emporium.
  9349 | D:10     | Bought a scroll of brand weapon for 123 gold pieces
  9349 | D:10     | Bought a scroll of amnesia for 52 gold pieces
  9361 | D:10     | Noticed a death yak
  9362 | D:10     | Noticed a death yak
  9369 | D:10     | Noticed a death yak
  9404 | D:10     | Killed a death yak
  9405 | D:10     | Reached skill level 1 in Invocations
  9418 | D:10     | Killed a death yak
  9419 | D:10     | Reached skill level 12 in Long Blades
  9458 | D:10     | Killed a death yak
  9458 | D:10     | Received a gift from Okawaru
  9673 | D:10     | Found a staircase to the Lair.
 10083 | D:10     | Noticed Urext's ghost (novice MiBe)
 10083 | D:10     | Noticed a spectral centaur warrior
 10084 | D:10     | Found a runed translucent gate.
 10084 | D:10     | Found a runed translucent gate.
 10084 | D:10     | Found a runed translucent gate.
 10108 | D:10     | Reached XP level 11. HP: 92/97 MP: 11/11
 10246 | Lair:1   | Entered Level 1 of the Lair of Beasts
 10345 | Lair:1   | Noticed a death yak
 10347 | Lair:1   | Noticed a death yak
 10372 | Lair:1   | Received a gift from Okawaru
 10382 | Lair:1   | Noticed a death yak
 10406 | D:10     | Killed a death yak
 10407 | D:10     | Reached skill level 1 in Stealth
 10579 | D:10     | Killed a death yak
 10580 | D:10     | Reached skill level 10 in Fighting
 10597 | D:10     | Killed a death yak
 10598 | D:10     | Reached skill level 13 in Long Blades
 11004 | Lair:1   | Found a transporter.
 11073 | Lair:1   | Received a gift from Okawaru
 11694 | Lair:1   | Found a transporter.
 11756 | Lair:1   | Killed from afar by a swamp worm

Illustrated notes

Levels and vault maps discovered:
D:1:      dpeg_arrival_yet_another_circle, layout_basic, roderic_roman_lattice,
          dreamdust_mushroom_princess, minmay_pentomino_z2
D:2:      layout_loops_corners, basic_altar, eino_tiny_chamber,
          kennysheep_generic_room_8
D:3:      layout_basic, fedhas_altar_4, chequers_ecumenical_altar_lobes
D:4:      layout_basic, minmay_temple_entry_sparse_star,
          kennysheep_generic_room_4, uniq_natasha
D:5:      layout_layer_cave, uniq_blork_the_orc
D:6:      layout_gridville, uniq_edmund
D:7:      layout_rooms, minmay_misc_feat_five, ebering_dispersal_statue_hall
D:8:      layout_basic
D:9:      layout_irregular_city
D:10:     layout_roguey, dpeg_lair_monsters, serial_shops, kennysheep_mini,
          gammafunk_ghost_necromancy
Lair:1:   gammafunk_worm_tunnel, layout_small_grid, st_stairs_5,
          beast_lair_carwin_5, grunt_megastairs_1

Skill      XL: |  1  2  3  4  5  6  7  8  9 10 11 |
---------------+----------------------------------+-----
Fighting       | 4 5 6 8 9 10 | 10.5
Armour         | 4 5 6 7 10 11 12 | 12.9
Shields        | 4 5 6 7 |  7.7
Long Blades    | 3 4 5 6 7 9 11 12 13 | 13.7
Dodging        | 1 2 3 |  3.9
Invocations    | 1 2 |  2.5
Stealth        | 1 |  1.2

Action                     |  1- 3 |  4- 6 |  7- 9 | 10-12 || total
---------------------------+-------+-------+-------+-------++-------
  Melee: Long sword        |    82 |   134 |   363 |   394 ||   973
         Headbutt          |    15 |    21 |    60 |   100 ||   196
 Invoke: Heroism           |       |       |     1 |     4 ||     5
         Finesse           |       |       |       |     3 ||     3
    Use: Scroll            |    11 |     4 |     6 |     3 ||    24
         Potion            |       |       |     7 |     6 ||    13
 Armour: Scale mail        |     2 |       |       |       ||     2
         Chain mail        |    38 |    53 |       |       ||    91
         Plate armour      |       |    19 |   220 |   270 ||   509
  Dodge: Dodged            |    51 |    70 |   151 |   161 ||   433
  Block: Buckler           |    17 |    31 |    82 |    97 ||   227
